 Dungeon Crawl Stone Soup version 0.17-a0-1942-g46ae386 (webtiles) character file.

29 ololoev the Covered (level 3, -9/33 HPs)
             Began as a Hill Orc Fighter on Sept 30, 2015.
             Killed by divine providence
             ... invoked by an orc priest
              (16 damage)
             ... on level 3 of the Dungeon.
             The game lasted 00:02:53 (465 turns).

ololoev the Covered (Hill Orc Fighter)               Turns: 465, Time: 00:02:53

Health: -9/33      AC:  7    Str: 19    XL:     3   Next: 16%
Magic:  3/3        EV:  9    Int:  8    God:
Gold:   41         SH:  0    Dex: 10    Spells: 0 memorised, 2 levels left

rFire  . . .     SeeInvis .     a - +0 war axe
rCold  . . .     Clarity  .     b - +0 scale mail
rNeg   . . .     SustAt   +     (no shield)
rPois  .         Gourm    .     (no helmet)
rElec  .         Spirit   .     (no cloak)
rCorr  .         Warding  .     (no gloves)
rMut   .         Stasis   .     (no boots)
MR     .....                    (no amulet)
Stlth  ..........               (no ring)
                                j - ring of sustain attributes

@: not resistant to hostile enchantments, extremely unstealthy
A: no striking features
a: Convert to Beogh

Inventory:

Hand weapons
 a - a +0 war axe (weapon)
Armour
 b - a +0 scale mail (worn)
Jewellery
 j - a ring of sustain attributes (left hand)
Scrolls
 f - a scroll of enchant armour {unknown}
 g - a scroll of recharging {unknown}
 h - a scroll of magic mapping {unknown}
 m - a scroll of identify {unknown}
 n - a scroll of amnesia {unknown}
Potions
 c - a potion of agility {unknown}
 d - a potion of might
 i - a potion of flight {unknown}
 o - a potion of cancellation
Comestibles
 e - a bread ration
 l - 2 meat rations


   Skills:
 + Level 3.8 Fighting
 * Level 3.6 Axes
 + Level 3.9 Armour
   Level 3.2 Shields


You had 2 spell levels left.
You didn't know any spells.


You were on level 3 of the Dungeon.
You were not hungry.

You visited 1 branch of the dungeon, and saw 4 of its levels.

You collected 41 gold pieces.

#..........#†### ...
###...†....#.### o..####
#.#†.###.#.... .o.o...
#...>....#.... ######.
######...#.... ≈≈≈≈s#. ..#
##...#.... ≈≈∩≈S#. #.#
#...##.... ≈≈≈≈s#.######.#
#...+.....
######.oo@....###...###...
........o)....##......'...
#.##.##.......##.######...
#..........'..# ###+
####.......#### #.......#
#########

Notes
Turn   | Place    | Note
--------------------------------------------------------------
     0 | D:1      | ololoev the Hill Orc Fighter began the quest for the Orb.
     0 | D:1      | Reached XP level 1. HP: 19/19 MP: 1/1
   176 | D:2      | Reached XP level 2. HP: 21/27 MP: 2/2
   279 | D:3      | Found a shadowy altar of Dithmenos.
   381 | D:4      | Noticed Eustachio
   383 | D:4      | Noticed an orc warrior
   403 | D:3      | Reached XP level 3. HP: 17/33 MP: 3/3
   445 | D:3      | Found a glowing drain.
   465 | D:3      | Killed from afar by an orc priest

Dungeon Overview and Level Annotations

Branches:
Dungeon (4/15)
 Temple: D:4-7

Altars:
Dithmenos

Portals:
Sewer: D:3

Annotations:
D:4 Eustachio


Message History

An orc and an orc priest come into view.
The orc hits you with a flail. The orc hits you with a flail.
The orc hits you with a falchion.
You are too injured to fight recklessly!
You barely miss the orc. You completely miss the orc.
The orc closely misses you.
Unknown command.
You slash the orc!
You kill the orc!
You hit the orc but do no damage. The orc hits you with a falchion.
The orc hits you.
Unknown command.
You barely miss the orc. You slash the orc!
You kill the orc!
The orc barely misses you.
Unknown command.
You barely miss the orc. The orc barely misses you. The orc hits you.
Unknown command.
The orc shouts!
You hit the orc.
The orc is heavily wounded.
You hear a shout!
The orc hits you.
Unknown command.
Drink which item? (? for menu, Esc to quit)
It was a potion of lignification.
You turn into a tree.
Your +0 scale mail melds into your body.
Your roots penetrate the ground.
The orc hits you but does no damage.
Drink which item? (? for menu, Esc to quit)
It was a potion of cancellation.
Your magical effects are unravelling.
You feel magically purged. The orc hits you but does no damage.
The orc hits you but does no damage.
Drink which item? (? for menu, Esc to quit)
It was a potion of curing.
You feel better.
You feel less woody.
Your +0 scale mail unmelds from your body.
The orc priest invokes the aid of Beogh against you.
Something smites you!
You die...

You could see an orc priest, an adder, 2 orcs and a giant cockroach.

Vanquished Creatures
  An ooze (D:3)
  2 giant geckos (D:3)
  3 orcs (D:3)
  2 ball pythons
  3 goblins
  A hobgoblin (D:3)
  A giant newt (D:3)
  4 kobolds
  3 rats
20 creatures vanquished.

Action                   || total
-------------------------++-------
Melee: War axe           ||    80
  Use: Potion            ||     3

Vault maps used:
D:1:      lightli_arrival_lavapool
D:2:      tso_metal_star
D:3:      gup_sewer_entry_glass, nicolae_dithmenos_shadow_blocks
D:4:      temple_doors_e, first_bread, hangedman_decor_opposing, uniq_eustachio,
          uniq_natasha, uniq_robin
